 Dungeon Crawl Stone Soup version 0.25.1-2-g60ff931df9 (webtiles) character file.

Game seed: 1314927883490981949

74 Acheron the Firebug (level 4, -4/34 HPs)
             Began as a Draconian Fire Elementalist on Sept 11, 2020.
             Slain by a worker ant (5 damage)
             ... on level 4 of the Dungeon.
             The game lasted 00:10:16 (1957 turns).

Acheron the Firebug (Draconian Fire Elementalist)   Turns: 1957, Time: 00:10:17

Health: -4/34      AC:  5    Str: 10    XL:     4   Next: 9%
Magic:  7/7        EV: 12    Int: 16    God:
Gold:   133        SH:  0    Dex: 12    Spells: 6/7 levels left

rFire    . . .     SeeInvis .   g - +1 short sword
rCold    . . .     Gourm    .   (no shield)
rNeg     . . .     Faith    .   (armour unavailable)
rPois    .         Spirit   .   (helmet restricted)
rElec    .         Reflect  .   (no cloak)
rCorr    .         Harm     .   (no gloves)
MR       .....                  (no boots)
Stlth    ++........             (no amulet)
HPRegen  0.11/turn              (no ring)
MPRegen  0.10/turn              (no ring)

@: brilliant, lethally poisoned (-4 -> -12)
A: unfitting armour, cold-blooded, AC +5
a: no special abilities


You were on level 4 of the Dungeon.
You were not hungry.

You visited 1 branch of the dungeon, and saw 4 of its levels.

You collected 133 gold pieces.

Inventory:

Hand Weapons
 f - a +0 whip
 g - a +1 short sword (weapon)
Missiles
 e - 40 stones
 j - 12 poisoned darts (quivered)
 l - 16 sling bullets
Scrolls
 a - a scroll of teleportation
 c - 2 scrolls of remove curse
 h - a scroll of enchant weapon
 m - a scroll of noise {unknown}
 n - a scroll of enchant armour {unknown}
 o - a scroll of amnesia {unknown}
Comestibles
 b - 5 rations
 k - 8 chunks of flesh


   Skills:
 * Level 0.7 Fighting
 * Level 1.1 Short Blades
 * Level 1.5 Throwing
 * Level 2.1 Dodging
 * Level 2.2 Stealth
 * Level 2.1 Spellcasting
 * Level 1.8 Conjurations
 + Level 3.1 Fire Magic


You had 6 spell levels left.
You knew the following spells:

 Your Spells              Type           Power        Failure   Level  Hunger
a - Foxfire               Conj/Fire      ##..         8%          1    None

Your spell library contained the following spells:

 Spells                   Type           Power        Failure   Level  Hunger
 Conjure Flame            Conj/Fire      ##......     22%         3    None
 Inner Flame              Hex/Fire       ##......     32%         3    None
 Sticky Flame             Conj/Fire      ##......     58%         4    None
 Fireball                 Conj/Fire      ##........   91%         5    None


Dungeon Overview and Level Annotations

Branches:
Dungeon (4/15)
 Temple: D:4-7

Altars:


Innate Abilities, Weirdness & Mutations

Your plain brown scales are hard. (AC +5)
You cannot fit into any form of body armour.
You are cold-blooded and may be slowed by cold attacks.


Message History

* * * LOW HITPOINT WARNING * * *
You are more poisoned.
The worker ant poisons you!
It was a potion of magic.
Magic courses through your body.
* * * LOW HITPOINT WARNING * * *
You feel sick. The worker ant barely misses you.
It was a potion of brilliance.
You feel clever all of a sudden.
* * * LOW HITPOINT WARNING * * *
You feel sick. The worker ant misses you.
Throwing (i - inventory. (/) - cycle)
j - 13 poisoned darts (quivered)
Press: ? - help, Shift-Dir - straight line, f/p - worker ant
Aim: a worker ant (severely wounded)
You throw a poisoned dart.
The poisoned dart barely misses the worker ant.
* * * LOW HITPOINT WARNING * * *
You feel sick. The worker ant misses you.
* * * LOW HITPOINT WARNING * * *
You feel sick. The worker ant bites you.
You die...

... #.# #.# ... #..
... #.###.# #.. ..#
#.# #.# #.###.#####
#.....รท(a@###.####
#.###.###.<.......
#.# #.# #####.###.
#.###a# #.##.#.###
#...###..
#.##.#.######
#.###..aa...#
#######.#


You could see a worker ant.

Vanquished Creatures
  A worker ant (D:4)
  2 worms (D:2)
  A dart slug (D:2)
  A leopard gecko (D:2)
  4 giant cockroaches
  3 goblins
  6 hobgoblins
  6 jackals
  4 kobolds
  5 bats
  A frilled lizard (D:2)
  6 rats
40 creatures vanquished.

Vanquished Creatures (others)
  15 foxfires
15 creatures vanquished.

Grand Total: 55 creatures vanquished

Notes
Turn   | Place    | Note
-------+----------+-------------------------------------------
     0 | D:1      | Acheron the Draconian Fire Elementalist began the quest for
                  | the Orb.
     0 | D:1      | Reached XP level 1. HP: 14/14 MP: 3/3
   399 | D:1      | Reached XP level 2. HP: 20/20 MP: 5/5
   551 | D:2      | Found a faded altar of an unknown god.
   659 | D:2      | Reached skill level 1 in Throwing
  1402 | D:2      | Reached XP level 3. HP: 20/26 MP: 6/6
  1945 | D:4      | Reached skill level 1 in Short Blades
  1945 | D:4      | Reached XP level 4. HP: 28/34 MP: 7/7
  1957 | D:4      | HP: 1/34 [poisoned by a worker ant]
  1957 | D:4      | Slain by a worker ant

Illustrated notes

Levels and vault maps discovered:
D:1:      nzn_arrival_crosshair, layout_rooms, patterned_corridor
D:2:      layout_loops_ring, chequers_ecumenical_altar_simple_redux, st_stairs_6
D:3:      layout_basic
D:4:      layout_loops_ring, serial_shops, shop_fountains

Skill      XL: |  1  2  3 |
---------------+----------+-----
Stealth        | 2 |  2.2
Throwing       | 1 |  1.5
Dodging        | 2 |  2.1
Short Blades   | 1 |  1.1
Fighting       | |  0.7
Spellcasting   | |  2.1
Conjurations   | |  1.8
Fire Magic     | |  3.1

Action                   |  1- 3 |  4- 6 || total
-------------------------+-------+-------++-------
Melee: Short sword       |   152 |     7 ||   159
       Tailslap          |    12 |     1 ||    13
       Unarmed           |     1 |       ||     1
Throw: Dart              |     5 |     2 ||     7
 Cast: Foxfire           |     8 |       ||     8
  Use: Scroll            |     3 |       ||     3
       Potion            |       |     2 ||     2
 Stab: Sleeping          |     2 |       ||     2
  Eat: Ration            |     1 |       ||     1
       Chunk             |     1 |       ||     1
Armor: Skin              |    59 |       ||    59
Dodge: Dodged            |   117 |     8 ||   125
